 Dungeon Crawl Stone Soup version 0.28-a0-563-gf77a47075d (webtiles) character file.

Game seed: 4053904104069950018

12610 porpoise the Thaumaturge (level 11, -6/62 HPs)
             Began as a Deep Elf Conjurer on Oct 1, 2021.
             Was a Believer of Vehumet.
             Mangled by a large abomination (25 damage)
             ... on level 2 of the Abyss.
             The game lasted 00:47:47 (16392 turns).

porpoise the Thaumaturge (Deep Elf Conjurer)       Turns: 16392, Time: 00:47:47

Health: -6/62      AC:  9    Str: 11    XL:     11   Next: 64%
Magic:  18/29      EV: 15    Int: 26    God:    Vehumet [**....]
Gold:   323        SH:  0    Dex: 13    Spells: 23/34 levels left

rFire   + + .      SeeInvis .   b - +0 hunting sling
rCold   + . .      Faith    .   (no shield)
rNeg    . . .      Spirit   .   T - +2 robe {rC+ rF+}
rPois   .          Reflect  .   P - +0 helmet
rElec   .          Harm     .   N - +0 cloak
rCorr   .          Rampage  .   B - +0 pair of gloves
Will    +....                   w - +1 pair of boots {Fly}
Stlth   +++.......              (no amulet)
HPRegen 0.20/turn               c - +6 ring of strength
MPRegen 0.21/turn               O - ring of protection from fire

@: flying
A: no striking features
a: Renounce Religion


You were on level 2 of the Abyss.
You worshipped Vehumet.
Vehumet was pleased with you.
You visited 2 branches of the dungeon, and saw 12 of its levels.
You visited the Abyss 1 time.

You collected 671 gold pieces.
You spent 348 gold pieces at shops.

Inventory:

Hand Weapons
 a - the +7 rapier of the Crawling Thing {protect, rF+ rN+}
   (You found it on level 5 of the Dungeon)

   It grants its wielder temporary protection when it strikes (+7 to AC).
   rF:        It protects you from fire.
   rN:        It protects you from negative energy.
 b - a +0 hunting sling (weapon)
 e - the +4 spear "Emne" {vorpal, rC- Will+++ Str-2 SInv}
   (You took it off an orc on level 6 of the Dungeon)

   It inflicts extra damage upon your enemies.
   Str:       It affects your strength (-2).
   rC:        It makes you vulnerable to cold.
   SInv:      It lets you see invisible.
   Will:      It greatly increases your willpower.
 l - a +0 short sword of venom
 x - a +0 short sword of electrocution
Missiles
 d - 252 stones (quivered ammo)
 m - 50 sling bullets
 q - 31 poisoned darts
 s - 11 boomerangs
 y - 3 throwing nets
Armour
 w - a +1 pair of boots of flying (worn)
 B - a +0 pair of gloves (worn)
 G - the +1 leather armour of Teishrera {Fly rC+ Stlth+}
   (You found it on level 2 of the Abyss)

   rC:        It protects you from cold.
   Fly:       It grants you flight.
   Stlth:     It makes you more stealthy.
 K - a scarf of harm
 N - a +0 cloak (worn)
 P - a +0 helmet (worn)
 R - a +0 troll leather armour
 T - a +2 robe of resistance (worn)
Magical Staves
 W - a staff of cold
Jewellery
 c - a +6 ring of strength (left hand)
 v - an amulet of faith
 z - a ring of wizardry
 F - a ring of ice
 O - a ring of protection from fire (right hand)
 V - an amulet of guardian spirit
Wands
 t - a wand of flame (19)
 A - a wand of polymorph (5)
 H - a wand of acid (5)
 M - a wand of digging (3)
 X - a wand of paralysis (3)
Scrolls
 g - a scroll of magic mapping
 o - 5 scrolls of teleportation
 p - a scroll of noise
 C - a scroll of immolation
 D - a scroll of vulnerability
 J - a scroll of fear {unknown}
 U - a scroll of enchant armour {unknown}
Potions
 f - 2 potions of haste
 h - 3 potions of heal wounds
 j - a potion of curing
 k - 3 potions of berserk rage
 n - a potion of mutation
 r - a potion of ambrosia
 u - 3 potions of resistance
 E - a potion of might
 I - a potion of magic
 L - 2 potions of brilliance
 Q - a potion of flight
 S - a potion of cancellation
Miscellaneous
 i - a phantom mirror


   Skills:
 + Level 4.9 Fighting
 - Level 7.0 Dodging
 - Level 7.0 Stealth
 - Level 12.0 Spellcasting
 - Level 9.0 Conjurations
 - Level 9.0 Hexes
 + Level 8.7 Translocations
 - Level 5.0 Evocations


You had 23 spell levels left.
You knew the following spells:

 Your Spells              Type           Power      Damage    Failure   Level
a - Magic Dart            Conj           100%       1d8       1%          1
b - Searing Ray           Conj           100%       2d8       1%          2
c - Fulminant Prism       Conj/Hex       29%        3d14      1%          4
d - Iskenderun's Mystic   Conj/Tloc      58%        2d12      1%          4

Your spell library contained the following spells:

 Spells                   Type           Power      Damage    Failure   Level
 Mephitic Cloud           Conj/Pois/Air  31%        N/A       3%          3
 Dazzling Flash           Conj/Hex       100%       N/A       1%          3
 Gell's Gravitas          Tloc           28%        N/A       1%          3
 Lesser Beckoning         Tloc           57%        N/A       1%          3
 Teleport Other           Tloc           57%        N/A       1%          3
 Leda's Liquefaction      Hex/Erth       19%        N/A       6%          4
 Lee's Rapid Deconstruct  Erth           7%         3d8*      71%         5
 Statue Form              Tmut/Erth      10%        N/A       99%         6


Dungeon Overview and Level Annotations

Branches:
Dungeon (11/15)            Temple (1/1) D:7
   Lair: D:8-11         Orc: D:9-12

Altars:
Ashenzari
Cheibriados
Dithmenos
Elyvilon
Fedhas
Gozag
Hepliaklqana
Kikubaaqudgha
Makhleb
Nemelex Xobeh
Okawaru
Qazlal
Ru
Sif Muna
Trog
Uskayaw
Vehumet
Wu Jian
Xom
Yredelemnul
Zin
The Shining One
Beogh

Shops:
D:11 *

Annotations:
D:6 3 runed translucent doors, HuGe's ghost, novice HOBe
D:11 Erolcha


Message History

Casting: Fulminant Prism (dangerous; 1% risk of failure)
Confirm with . or Enter, or press ? or * to list all spells.
Aiming: Searing Ray (safe; 1% risk of failure)
Press: ? - help, Shift-Dir - straight line, f - large abomination
Aim: a large abomination (wandering, hasn't noticed you, 92% to hit)
The searing ray hits the large abomination!
The large abomination is moderately damaged. (Press . to maintain the ray.)
The searing ray hits the large abomination.
The large abomination is moderately damaged.
The large abomination misses you.
The searing ray hits the large abomination.
The large abomination is heavily damaged.
The large abomination hits you!
The searing ray hits the large abomination!
The large abomination is heavily damaged.
You finish channelling your searing ray.
The large abomination hits you!!
Ouch! That really hurt!
* * * LOW HITPOINT WARNING * * *
Casting: Searing Ray (safe; 1% risk of failure)
Confirm with . or Enter, or press ? or * to list all spells.
Aiming: Searing Ray (safe; 1% risk of failure)
Press: ? - help, Shift-Dir - straight line, f/p - large abomination
Aim: a large abomination (heavily damaged, 92% to hit)
The searing ray misses the large abomination. (Press . to maintain the ray.)
The large abomination barely misses you.
Unknown command.
The searing ray hits the large abomination.
The large abomination is severely damaged.
The large abomination misses you.
The searing ray hits the large abomination.
The large abomination is severely damaged.
The large abomination barely misses you.
The searing ray hits the large abomination!
The large abomination is almost destroyed.
You finish channelling your searing ray.
The large abomination hits you!!
You die...

####..#.#
##.......##
..#......#
.#........#
#..#......# #
#.......## ##### .
#.......#####... .
#. #.#.X@.........
......
#............... ..
#...................
# #..#.......#......
... #.. #.......#
.##.#####. ##
#.......#...##
#.......#....#
............#. #
.... .... . ∩


You could see a large abomination.

Vanquished Creatures
  Harold (D:8)
  3 two-headed ogres
  Pikel (D:8)
  A manticore (D:11)
  Maurice (D:9)
  2 trolls
  2 meliai zombies
  A water elemental (D:10)
  An air elemental (D:10)
  9 yaks
  2 shadows (D:10)
  3 wyverns
  Grum (D:11)
  A fire elemental (D:10)
  A basilisk (D:11)
  Menkaure (D:6)
  An acid dragon (D:11)
  6 water moccasins
  A black bear (D:6)
  6 orc warriors
  3 ice beasts
  2 necrophages
  4 wolves (D:11)
  3 centaurs
  3 ogres
  3 lemures (D:8)
  A phantom (D:4)
  A kobold brigand (D:11)
  4 scorpions
  2 bullfrogs
  An earth elemental (D:10)
  5 killer bees (D:8)
  3 centaur zombies
  A bullfrog zombie (D:5)
  A centaur skeleton (D:7)
  8 hounds
  A gnoll shaman (D:4)
  8 orc priests
  2 jellies
  A bullfrog skeleton (D:5)
  Jessica (D:2)
  3 iguanas
  Terence (D:2)
  8 orc wizards
  Natasha (thrice) (D:3)
  4 hound skeletons
  A howler monkey skeleton (D:4)
  5 gnolls (D:4)
  3 adders
  A shadow imp (D:7)
  3 white imps
  A worm (D:4)
  44 orcs
  7 ball pythons
  6 endoplasms
  5 giant cockroaches
  8 goblins
  5 hobgoblins
  8 jackals
  2 quokkas
  2 bats (D:1)
  4 frilled lizards
  11 kobolds
  4 rats
242 creatures vanquished.

Vanquished Creatures (others)
  41 fulminant prisms
  A fungus (D:11)
  11 plants (D:11)
53 creatures vanquished.

Grand Total: 295 creatures vanquished

Notes
Turn   | Place    | Note
-------+----------+-------------------------------------------
     0 | D:1      | porpoise the Deep Elf Conjurer began the quest for the Orb.
     0 | D:1      | Reached XP level 1. HP: 10/10 MP: 6/6
   234 | D:1      | Reached XP level 2. HP: 15/15 MP: 2/8
   361 | D:1      | Learned a level 2 spell: Searing Ray
   778 | D:1      | Reached skill level 4 in Spellcasting
   846 | D:1      | Reached skill level 5 in Conjurations
   846 | D:1      | Reached XP level 3. HP: 19/19 MP: 6/10
  1098 | D:2      | Noticed Jessica
  1104 | D:2      | Killed Jessica
  1497 | D:2      | Reached XP level 4. HP: 24/24 MP: 4/12
  1798 | D:2      | Noticed Terence
  1806 | D:2      | Killed Terence
  1807 | D:2      | Reached skill level 5 in Spellcasting
  2421 | D:3      | Found a burning altar of Makhleb.
  2492 | D:3      | Noticed Natasha
  2495 | D:3      | Killed Natasha
  2498 | D:3      | Reached XP level 5. HP: 23/28 MP: 2/14
  2586 | D:3      | Learned a level 4 spell: Fulminant Prism
  2591 | D:3      | Learned a level 4 spell: Iskenderun's Mystic Blast
  2593 | D:3      | Found a faded altar of an unknown god.
  2611 | D:3      | Noticed Natasha
  2621 | D:3      | Killed Natasha
  2622 | D:3      | Reached skill level 1 in Hexes
  2638 | D:3      | Noticed Natasha
  2642 | D:3      | Killed Natasha
  2861 | D:3      | Reached skill level 6 in Spellcasting
  3219 | D:4      | Noticed a phantom
  3229 | D:4      | Killed a phantom
  3230 | D:4      | Reached XP level 6. HP: 12/32 MP: 5/17
  3774 | D:4      | Noticed a water moccasin
  3833 | D:4      | Killed a water moccasin
  3834 | D:4      | Reached skill level 7 in Spellcasting
  3840 | D:4      | Reached skill level 5 in Hexes
  4053 | D:4      | Reached skill level 1 in Translocations
  4053 | D:4      | Reached XP level 7. HP: 30/36 MP: 11/19
  4565 | D:5      | Entered Level 5 of the Dungeon
  4916 | D:5      | Identified the +7 rapier of the Crawling Thing {protect,
                  | rF+ rN+}
  5034 | D:5      | Reached XP level 8. HP: 20/41 MP: 11/20
  5540 | D:5      | Reached skill level 5 in Translocations
  5756 | D:5      | Found a hazy altar of Hepliaklqana.
  5787 | D:5      | Found a white marble altar of Elyvilon.
  6094 | D:6      | Found a sand-covered staircase.
  6108 | D:6      | Noticed HuGe's ghost (novice HOBe)
  6151 | D:6      | Identified the +4 spear "Emne" {vorpal, rC- Will+++ Str-2
                  | SInv}
  6575 | D:6      | Reached skill level 8 in Spellcasting
  6848 | D:6      | Found a runed translucent gate.
  6849 | D:6      | Found a runed translucent gate.
  6850 | D:6      | Found a runed translucent gate.
  6985 | D:6      | Noticed Menkaure
  6988 | D:6      | Killed Menkaure
  6989 | D:6      | Reached skill level 1 in Fighting
  7078 | D:6      | Reached skill level 9 in Spellcasting
  8039 | D:7      | Reached XP level 9. HP: 33/50 MP: 13/24
  8372 | D:7      | Reached skill level 10 in Spellcasting
  8553 | D:7      | Found a staircase to the Ecumenical Temple.
  8560 | Temple   | Entered the Ecumenical Temple
  8613 | Temple   | Became a worshipper of Vehumet
  9084 | D:8      | Noticed Pikel
  9092 | D:8      | Killed Pikel
  9093 | D:8      | Reached skill level 5 in Dodging
  9093 | D:8      | Reached skill level 11 in Spellcasting
 10321 | D:9      | Reached skill level 12 in Spellcasting
 10325 | D:9      | Noticed Maurice
 10333 | D:9      | Noticed a troll
 10338 | D:9      | Killed Maurice
 10338 | D:9      | Reached * piety under Vehumet
 10338 | D:9      | Offered knowledge of Shock by Vehumet.
 10339 | D:9      | Reached skill level 1 in Evocations
 10339 | D:9      | Reached XP level 10. HP: 56/56 MP: 0/28
 10708 | D:9      | Noticed Harold
 10810 | D:8      | Killed Harold
 11093 | D:8      | Reached skill level 5 in Evocations
 11899 | D:10     | Entered Level 10 of the Dungeon
 11908 | D:10     | Found a large runed translucent door.
 11908 | D:10     | Found a large runed translucent door.
 11974 | D:10     | Noticed a two-headed ogre
 11985 | D:10     | Killed a two-headed ogre
 12031 | D:10     | Noticed a two-headed ogre
 12051 | D:10     | Killed a two-headed ogre
 12543 | D:10     | Found an ancient bone altar of Kikubaaqudgha.
 12570 | D:10     | Found a sparkling altar of Nemelex Xobeh.
 12792 | D:10     | Reached skill level 5 in Stealth
 13301 | D:10     | Reached XP level 11. HP: 60/60 MP: 6/29
 13849 | D:11     | Reached ** piety under Vehumet
 13850 | D:11     | Offered knowledge of Sandblast by Vehumet.
 14431 | D:11     | Noticed a two-headed ogre
 14712 | D:11     | Killed a two-headed ogre
 15902 | D:11     | Noticed Grum
 15913 | D:11     | Offered knowledge of Mephitic Cloud by Vehumet.
 15916 | D:11     | Killed Grum
 16143 | D:11     | Found Pechozext's Assorted Antiques.
 16154 | D:11     | Bought a viscous amethyst potion for 27 gold pieces
 16154 | D:11     | Bought an embroidered robe for 111 gold pieces
 16154 | D:11     | Bought a scroll labelled IRIZAOG MAEM for 30 gold pieces
 16154 | D:11     | Bought a scroll labelled VUAWIDURUBI for 30 gold pieces
 16154 | D:11     | Bought a twisted blue amulet for 150 gold pieces
 16357 | D:11     | Noticed Erolcha
 16368 | D:11     | Cast into level 2 of the Abyss (Erolcha)
 16373 | Abyss:2  | Identified the +1 leather armour of Teishrera {Fly rC+
                  | Stlth+}
 16392 | Abyss:2  | Mangled by a large abomination

Illustrated notes

Levels and vault maps discovered:
D:1:      lemuel_arrival_room, layout_basic
D:2:      layout_basic, uniq_jessica, uniq_terence
D:3:      layout_basic, amcnicky_altar_gilded,
          chequers_ecumenical_altar_simple_redux,
          chequers_serial_rivers_small_3, uniq_natasha
D:4:      layout_loops_ring, minmay_checkerbox
D:5:      layout_loops_ring, mainiacjoe_overflow_big_doors
D:6:      layout_layer_cave, gammafunk_ghost_icy, nicolae_ossuary_entry_ruins,
          uniq_menkaure
D:7:      layout_basic, minmay_temple_entry_arrows
D:8:      layout_basic, uniq_pikel
D:9:      layout_big_octagon, uniq_maurice, uniq_harold
D:10:     layout_cave_pools, mainiacjoe_overflow_two_lobes, special_room
          [special_room_orc], lightli_elemental_guards
D:11:     layout_long_grid, minmay_lair_entry_grove, serial_shops,
          nicolae_shop_waterfront, shop, shop, kennysheep_mini_moat, uniq_grum,
          uniq_erolcha
Temple:   minmay_temple_bridge_d
Abyss:2:  base: D:8, evilmike_abyss_exit_chaos

Skill      XL: |  1  2  3  4  5  6  7  8  9 10 11 |
---------------+----------------------------------+-----
Spellcasting   | 4 5 6 7 9 12 | 12.0
Conjurations   | 5 7 8 9 |  9.0
Hexes          | 3 5 7 9 |  9.0
Translocations | 1 4 5 7 8 |  8.7
Fighting       | 3 4 |  4.9
Dodging        | 7 |  7.0
Evocations     | 1 5 |  5.0
Stealth        | 5 7 |  7.0

Action                   |  1- 3 |  4- 6 |  7- 9 | 10-12 || total
-------------------------+-------+-------+-------+-------++-------
Melee: Rapier            |       |       |     3 |       ||     3
 Fire: Hunting sling     |     2 |    14 |    77 |    73 ||   166
 Cast: Magic Dart        |    52 |    14 |     4 |       ||    70
       Searing Ray       |     5 |    30 |    65 |    46 ||   146
       Iskenderun's Myst |       |     1 |     7 |    62 ||    70
       Fulminant Prism   |       |       |    12 |    29 ||    41
  Use: Scroll            |       |     1 |    17 |     7 ||    25
Armor: Robe              |     2 |     4 |    10 |    34 ||    50
Dodge: Dodged            |    10 |     8 |    29 |    86 ||   133

Table legend: (Time is in decaauts)
 A = Elapsed time spent in this place.
 B = Non-inter-level travel time spent in this place.
 C = Inter-level travel time spent in this place.
 D = Time resting spent in this place.
 E = Time spent auto-exploring this place.
 F = Levels seen in this place.
 G = Mean time per level.
                   A        B        C        D        E       F      G
               +--------+--------+--------+--------+--------+-----+--------+
         Total |  16449 |  15958 |    491 |   8139 |   5743 |  13 | 1265.3 |
       Dungeon |  16351 |  15880 |    471 |   8139 |   5704 |  11 | 1486.5 |
        Temple |     73 |     53 |     20 |      0 |     39 |   1 |   73.0 |
         Abyss |     23 |     23 |      0 |      0 |      0 |   1 |   23.0 |
               +--------+--------+--------+--------+--------+-----+--------+

Top non-repeatable levels by time:
    D:10: 3854 daAuts
     D:8: 2041 daAuts
     D:6: 1808 daAuts
     D:5: 1514 daAuts
     D:2: 1268 daAuts
     D:7: 1200 daAuts
     D:4: 1141 daAuts
     D:3: 1124 daAuts
     D:1: 1037 daAuts
     D:9: 845 daAuts
    D:11: 515 daAuts
  Temple: 73 daAuts
 Abyss:2: 23 daAuts
